TOP OF THE 1ST |
Casper Ghosts batting - Pitching for Springfield Shooters : LHP George Boone
|
Pitching: LHP George Boone
|
|
Batting: SHB Tim Fowler
|
0-0: Ball 1-0: Foul Ball, location: 2F 1-1: Swinging Strike 1-2: Foul Ball, location: 2F 1-2: Foul Ball, location: 2F 1-2: Foul Ball, location: 2F 1-2: Ball 2-2: Ground out 4-3 (Groundball, 4M)
|
Batting: RHB Warner Robinson
|
0-0: Bunted foul 0-1: Foul Ball, location: 2F 0-2: Ball 1-2: Ball 2-2: Foul Ball, location: 2F 2-2: Ball 3-2: Ground out 4-3 (Groundball, 4M)
|
Batting: RHB Phil Baker
|
0-0: Foul Ball, location: 2F 0-1: Foul Ball, location: 2F 0-2: Ball 1-2: Foul Ball, location: 2F 1-2: Foul Ball, location: 2F 1-2: SINGLE (Line Drive, 9S)
|
Batting: RHB Ron Coffman
|
0-0: Ball 1-0: Swinging Strike 1-1: Called Strike 1-2: Fly out, F6 (Line Drive, 6)
|
Top of the 1st over - 0 run(s), 1 hit(s), 0 error(s), 1 left on base; Casper 0 - Springfield 0 |
BOTTOM OF THE 1ST |
Springfield Shooters batting - Pitching for Casper Ghosts : RHP Wallace Elgie
|
Pitching: RHP Wallace Elgie
|
|
Batting: RHB Sean Godron
|
0-0: Foul Ball, location: 2F 0-1: Foul Ball, location: 2F 0-2: Ball 1-2: Ball 2-2: Ball 3-2: Foul Ball, location: 2F 3-2: Fly out, F5 (Line Drive, 5S)
|
Batting: RHB Roy Herring
|
0-0: Fly out, F4 (Popup, 9LS)
|
Batting: RHB Tom Potts
|
0-0: Called Strike 0-1: Swinging Strike 0-2: Fly out, F8 (Flyball, 8RD)
|
Bottom of the 1st over - 0 run(s), 0 hit(s), 0 error(s), 0 left on base; Casper 0 - Springfield 0 |
TOP OF THE 2ND |
Casper Ghosts batting - Pitching for Springfield Shooters : LHP George Boone
|
Batting: SHB Erjan Kerstens
|
0-0: Swinging Strike 0-1: Foul Ball, location: 2F 0-2: Ball 1-2: Strikes out swinging
|
Batting: RHB Anbrosio Oppenes
|
0-0: Ball 1-0: Fly out, F9 (Flyball, 9LM)
|
Batting: LHB Kyle Mann
|
0-0: Foul Ball, location: 2F 0-1: Ball 1-1: Ball 2-1: Ball 3-1: Called Strike 3-2: Ground out 5-3 (Groundball, 56)
|
Top of the 2nd over - 0 run(s), 0 hit(s), 0 error(s), 0 left on base; Casper 0 - Springfield 0 |
BOTTOM OF THE 2ND |
Springfield Shooters batting - Pitching for Casper Ghosts : RHP Wallace Elgie
|
Batting: RHB José López
|
0-0: Ball 1-0: Ground out 6-3 (Groundball, 6M)
|
Batting: RHB Ethan Miller
|
0-0: Ball 1-0: Swinging Strike 1-1: Swinging Strike 1-2: Ground out 5-3 (Groundball, 5)
|
Batting: RHB Frank Crocker
|
0-0: Foul Ball, location: 2F 0-1: Called Strike 0-2: Ground out 4-3 (Groundball, 4)
|
Bottom of the 2nd over - 0 run(s), 0 hit(s), 0 error(s), 0 left on base; Casper 0 - Springfield 0 |
TOP OF THE 3RD |
Casper Ghosts batting - Pitching for Springfield Shooters : LHP George Boone
|
Batting: RHB Roberto De La Cruz
|
0-0: Called Strike 0-1: Ground out 4-3 (Groundball, 4)
|
Batting: LHB Jim Unknown
|
0-0: Called Strike 0-1: Ball 1-1: Called Strike 1-2: Foul Ball, location: 2F 1-2: Foul Ball, location: 2F 1-2: Ball 2-2: SINGLE (Groundball, 34)
|
Batting: SHB Tim Fowler
|
0-0: Ball 1-0: Foul Ball, location: 2F 1-1: Foul Ball, location: 2F 1-2: Ball 2-2: Foul Ball, location: 2F 2-2: Ball 3-2: Foul Ball, location: 2F 3-2: Foul Ball, location: 2F 3-2: Base on Balls Jim Unknown to second
|
Batting: RHB Warner Robinson
|
0-0: Ball 1-0: Ball 2-0: Ball 3-0: Called Strike 3-1: Base on Balls Jim Unknown to third Tim Fowler to second
|
Batting: RHB Phil Baker
|
0-0: Fly out, F7 (Popup, 7S)
|
Batting: RHB Ron Coffman
|
0-0: Called Strike 0-1: Foul Ball, location: 2F 0-2: Ball 1-2: Strikes out looking
|
Top of the 3rd over - 0 run(s), 1 hit(s), 0 error(s), 3 left on base; Casper 0 - Springfield 0 |
BOTTOM OF THE 3RD |
Springfield Shooters batting - Pitching for Casper Ghosts : RHP Wallace Elgie
|
Batting: LHB Ray Anderson
|
0-0: Called Strike 0-1: Swinging Strike 0-2: Strikes out swinging
|
Batting: RHB Roberto Alonzo
|
0-0: SINGLE (Groundball, 6MD)
|
Batting: SHB Jack Bell
|
0-0: Ball 1-0: SINGLE (Groundball, 3D) Roberto Alonzo to second Runner from 2nd tries for 3rd, SAFE, throw made to third
|
Batting: RHB Sean Godron
|
0-0: Ball 1-0: Called Strike 1-1: Ground out 2-3 (Groundball, 23) Jack Bell to second
|
Batting: RHB Roy Herring
|
0-0: Foul Ball, location: 2F 0-1: Ball 1-1: Swinging Strike 1-2: Fly out, F9 (Flyball, 9S)
|
Bottom of the 3rd over - 0 run(s), 2 hit(s), 0 error(s), 2 left on base; Casper 0 - Springfield 0 |
TOP OF THE 4TH |
Casper Ghosts batting - Pitching for Springfield Shooters : LHP George Boone
|
Batting: SHB Erjan Kerstens
|
0-0: Ball 1-0: Called Strike 1-1: Called Strike 1-2: Ball 2-2: Foul Ball, location: 2F 2-2: Foul Ball, location: 2F 2-2: Foul Ball, location: 2F 2-2: Ground out 5-3 (Groundball, 5)
|
Batting: RHB Anbrosio Oppenes
|
0-0: Called Strike 0-1: Ball 1-1: Swinging Strike 1-2: Strikes out looking
|
Batting: LHB Kyle Mann
|
0-0: Ball 1-0: Ball 2-0: SINGLE (Line Drive, 8LS)
|
Batting: RHB Roberto De La Cruz
|
0-0: Called Strike Kyle Mann steals 2nd base 0-1: Fly out, F4 (Line Drive, 4)
|
Top of the 4th over - 0 run(s), 1 hit(s), 0 error(s), 1 left on base; Casper 0 - Springfield 0 |
BOTTOM OF THE 4TH |
Springfield Shooters batting - Pitching for Casper Ghosts : RHP Wallace Elgie
|
Batting: RHB Tom Potts
|
0-0: Ball 1-0: Called Strike 1-1: Swinging Strike 1-2: SINGLE (Flyball, 7S)
|
Batting: RHB José López
|
0-0: Ball 1-0: Fly out, F6 (Popup, 6D)
|
Batting: RHB Ethan Miller
|
0-0: Ball Tom Potts is caught stealing 2nd base 1-0: Called Strike 1-1: Ball 2-1: Hit by Pitch
|
Batting: RHB Frank Crocker
|
0-0: Ball 1-0: Swinging Strike 1-1: Swinging Strike 1-2: Ball 2-2: Fly out, F9 (Flyball, 89S)
|
Bottom of the 4th over - 0 run(s), 1 hit(s), 0 error(s), 1 left on base; Casper 0 - Springfield 0 |
TOP OF THE 5TH |
Casper Ghosts batting - Pitching for Springfield Shooters : LHP George Boone
|
Batting: LHB Jim Unknown
|
0-0: Ball 1-0: Called Strike 1-1: Called Strike 1-2: Ball 2-2: Ball 3-2: Base on Balls
|
Batting: SHB Tim Fowler
|
0-0: Sac Bunt - play at first, batter OUT! 5-3 Jim Unknown to second
|
Batting: RHB Warner Robinson
|
0-0: Ball 1-0: Ball 2-0: Called Strike 2-1: Called Strike 2-2: Ball 3-2: Base on Balls
|
Pitching: RHP Sam Green
|
|
Batting: RHB Phil Baker
|
0-0: Ball 1-0: Foul Ball, location: 2F 1-1: Ball 2-1: Ball 3-1: Foul Ball, location: 2F 3-2: Foul Ball, location: 2F 3-2: Strikes out swinging Warner Robinson is caught stealing 2nd base Batter strikes out.
|
Top of the 5th over - 0 run(s), 0 hit(s), 0 error(s), 1 left on base; Casper 0 - Springfield 0 |
BOTTOM OF THE 5TH |
Springfield Shooters batting - Pitching for Casper Ghosts : RHP Wallace Elgie
|
Batting: LHB Ray Anderson
|
0-0: Called Strike 0-1: Called Strike 0-2: Strikes out swinging
|
Batting: RHB Roberto Alonzo
|
0-0: Foul Ball, location: 2F 0-1: Swinging Strike 0-2: Strikes out swinging
|
Batting: SHB Jack Bell
|
0-0: Ball 1-0: Called Strike 1-1: Called Strike 1-2: Strikes out looking
|
Bottom of the 5th over - 0 run(s), 0 hit(s), 0 error(s), 0 left on base; Casper 0 - Springfield 0 |
TOP OF THE 6TH |
Casper Ghosts batting - Pitching for Springfield Shooters : RHP Sam Green
|
Batting: RHB Ron Coffman
|
0-0: Called Strike 0-1: Ball 1-1: Ball 2-1: Ball 3-1: Foul Ball, location: 2F 3-2: Foul Ball, location: 2F 3-2: Base on Balls
|
Batting: SHB Erjan Kerstens
|
0-0: Grounds into double play, 1-6-3 (Groundball, 15)
|
Batting: RHB Anbrosio Oppenes
|
0-0: Fly out, F5 (Popup, 5F)
|
Top of the 6th over - 0 run(s), 0 hit(s), 0 error(s), 0 left on base; Casper 0 - Springfield 0 |
BOTTOM OF THE 6TH |
Springfield Shooters batting - Pitching for Casper Ghosts : RHP Wallace Elgie
|
Batting: RHB Sean Godron
|
0-0: Foul Ball, location: 2F 0-1: Swinging Strike 0-2: Ball 1-2: Foul Ball, location: 2F 1-2: Hit by Pitch
|
Batting: RHB Roy Herring
|
0-0: Bunted foul 0-1: Sac Bunt - play at first, batter OUT! 1-4 Sean Godron to second
|
Batting: RHB Tom Potts
|
0-0: Fly out, F7 (Flyball, 7M)
|
Batting: RHB José López
|
0-0: Fly out, F7 (Popup, 7S)
|
Bottom of the 6th over - 0 run(s), 0 hit(s), 0 error(s), 1 left on base; Casper 0 - Springfield 0 |
TOP OF THE 7TH |
Casper Ghosts batting - Pitching for Springfield Shooters : RHP Sam Green
|
Batting: LHB Kyle Mann
|
0-0: Ball 1-0: Foul Ball, location: 2F 1-1: Ball 2-1: Ball 3-1: Base on Balls
|
Batting: RHB Roberto De La Cruz
|
0-0: Sac Bunt - play at first, batter OUT! 5-4 Kyle Mann to second
|
Batting: LHB Jim Unknown
|
0-0: Intentional Walk
|
Pinch Hitting: SHB José Juárez
|
0-0: Ball 1-0: Ball 2-0: Foul Ball, location: 2F 2-1: Swinging Strike 2-2: Ball 3-2: Foul Ball, location: 2F 3-2: Strikes out swinging
|
Batting: RHB Warner Robinson
|
0-0: Swinging Strike 0-1: Swinging Strike 0-2: Ball 1-2: Strikes out swinging
|
Top of the 7th over - 0 run(s), 0 hit(s), 0 error(s), 2 left on base; Casper 0 - Springfield 0 |
BOTTOM OF THE 7TH |
Springfield Shooters batting - Pitching for Casper Ghosts : RHP Wallace Elgie
|
Now at 2B: Israel Sanders
|
|
Batting: RHB Ethan Miller
|
0-0: Foul Ball, location: 2F 0-1: Ball 1-1: Ground out 6-3 (Groundball, 6M)
|
Pinch Hitting: RHB Jim Unknown
|
0-0: Called Strike 0-1: Ball 1-1: Ball 2-1: Ball 3-1: Called Strike 3-2: Base on Balls
|
Pinch Runner at 1st Javier Vásquez:
|
|
Batting: LHB Ray Anderson
|
0-0: Swinging Strike 0-1: Ball 1-1: Ball 2-1: Ball 3-1: Fly out, F9 (Flyball, 9M)
|
Batting: RHB Roberto Alonzo
|
0-0: Ball Javier Vásquez is caught stealing 2nd base
|
Bottom of the 7th over - 0 run(s), 0 hit(s), 0 error(s), 0 left on base; Casper 0 - Springfield 0 |
TOP OF THE 8TH |
Casper Ghosts batting - Pitching for Springfield Shooters : RHP Sam Green
|
Now at 2B: Javier Vásquez
|
|
Batting: RHB Phil Baker
|
0-0: Called Strike 0-1: Ball 1-1: Hit by Pitch
|
Batting: RHB Ron Coffman
|
0-0: Ball 1-0: Ball 2-0: Called Strike 2-1: Ball 3-1: Foul Ball, location: 2F 3-2: Foul Ball, location: 2F 3-2: Base on Balls Phil Baker to second
|
Pitching: RHP Rick Brewer
|
|
Batting: SHB Erjan Kerstens
|
0-0: Ball 1-0: SINGLE (Line Drive, 9S) Phil Baker to third Ron Coffman to second Runner from 3rd tries for Home, throw and OUT!
|
Pinch Hitting: RHB Lorenzo Díaz
|
0-0: Called Strike 0-1: Ball 1-1: Foul Ball, location: 2F 1-2: Fly out, F8 (Flyball, 8LS)
|
Batting: LHB Kyle Mann
|
0-0: Ball 1-0: Ball 2-0: Swinging Strike 2-1: Fielders Choice at 2nd, U4 (Groundball, 4M)
|
Top of the 8th over - 0 run(s), 1 hit(s), 0 error(s), 2 left on base; Casper 0 - Springfield 0 |
BOTTOM OF THE 8TH |
Springfield Shooters batting - Pitching for Casper Ghosts : RHP Wallace Elgie
|
Now at 1B: Lorenzo Díaz
|
|
Batting: RHB Roberto Alonzo
|
0-0: Fly out, F9 (Flyball, 89M)
|
Pinch Hitting: SHB Albert Santos
|
0-0: Called Strike 0-1: Ball 1-1: Foul Ball, location: 2F 1-2: Strikes out looking
|
Pinch Hitting: LHB Ismael Dolit
|
0-0: Ball 1-0: Ball 2-0: Called Strike 2-1: Ball 3-1: SOLO HOME RUN (Flyball, 9D), Distance : 369 ft
|
Batting: RHB Roy Herring
|
0-0: Called Strike 0-1: Foul Ball, location: 2F 0-2: Ball 1-2: Fly out, F8 (Flyball, 8LS)
|
Bottom of the 8th over - 1 run(s), 1 hit(s), 0 error(s), 0 left on base; Casper 0 - Springfield 1 |
TOP OF THE 9TH |
Casper Ghosts batting - Pitching for Springfield Shooters : RHP Rick Brewer
|
Pitching: RHP Bryce Randolph
|
|
Now at 3B: Michael Coleman
|
|
Now in CF: Torquato Villani
|
|
Pinch Hitting: SHB Alonso Rodríguez
|
0-0: Ball 1-0: Called Strike 1-1: Called Strike 1-2: Ball 2-2: Foul Ball, location: 2F 2-2: SINGLE (Groundball, 23) (infield hit)
|
Batting: LHB Jim Unknown
|
0-0: Swinging Strike 0-1: Fly out, F9 (Flyball, 9D)
|
Batting: RHB Israel Sanders
|
0-0: Ground out 5-3 (Groundball, 56) Alonso Rodríguez to second
|
Batting: RHB Warner Robinson
|
0-0: Called Strike 0-1: Ball 1-1: Ball 2-1: Ground out 2-3 (Groundball, 25)
|
Top of the 9th over - 0 run(s), 1 hit(s), 0 error(s), 1 left on base; Casper 0 - Springfield 1 |
|